 Dungeon Crawl Stone Soup version 0.21.1-1-g345015f (webtiles) character file.

8540 grindst0ne the Fighter (level 11, -5/62 HPs)
             Began as a Vine Stalker Fighter on Mar 7, 2018.
             Was a Follower of Uskayaw.
             Splashed by Maurice's acid (8 damage)
             ... on level 10 of the Dungeon.
             The game lasted 00:21:45 (7808 turns).

grindst0ne the Fighter (Vine Stalker Fighter)       Turns: 7808, Time: 00:21:46

Health: -5/62      AC:  9    Str: 25    XL:     11   Next: 32%
Magic:  0/17       EV:  6    Int:  8    God:    Uskayaw [*.....]
Gold:   559        SH: 15    Dex: 14    Spells: 10/10 levels left

rFire    . . .     SeeInvis .   r - +3 short sword (elec)
rCold    . . .     Gourm    .   c - +0 shield
rNeg     . . .     Faith    .   x - +0 chain mail
rPois    .         Spirit   +   A - +0 helmet
rElec    .         Reflect  +   t - +2 cloak
rCorr    .         Harm     .   (no gloves)
MR       +....                  (no boots)
Stlth    ..........             y - +3 amulet of reflection
HPRegen  0.60/turn              g - +3 ring of strength
MPRegen  0.15/turn              (no ring)

@: about to teleport, corroded
A: fangs 3, regeneration 1, magic shield, antimagic bite, no potion heal 3, rot
immunity
a: Stomp, Renounce Religion


You were on level 10 of the Dungeon.
You worshipped Uskayaw.
Uskayaw was noncommittal.
You were hungry.

You visited 2 branches of the dungeon, and saw 11 of its levels.

You collected 559 gold pieces.

Inventory:

Hand Weapons
 r - a +3 short sword of electrocution (weapon)
 s - a +3 scimitar of flaming
Missiles
 i - 11 tomahawks (quivered)
Armour
 c - a +0 shield (worn)
 n - a +0 large shield
 t - a +2 cloak (worn)
 x - a +0 chain mail (worn)
 A - a +0 helmet (worn)
Jewellery
 b - an uncursed ring of magical power {unknown}
 g - a +3 ring of strength (left hand)
 y - a +3 amulet of reflection (around neck)
Wands
 d - a wand of paralysis (2)
Scrolls
 e - a scroll of magic mapping {unknown}
 h - a scroll of fog
 j - a scroll of enchant armour
 k - a scroll of identify
 l - a scroll of remove curse
 p - a scroll of teleportation
 v - 2 scrolls of amnesia
Potions
 a - 2 potions of cancellation
 m - 3 potions of degeneration
 q - 4 potions of mutation
 w - 2 potions of brilliance
 z - a potion of magic
Comestibles
 f - 20 rations


   Skills:
 + Level 9.1 Fighting
 + Level 8.1 Short Blades
   Level 1.7 Axes
 - Level 2.4 Armour
 + Level 8.8 Shields
 + Level 7.1 Invocations


You had 10 spell levels left.
You didn't know any spells.

Dungeon Overview and Level Annotations

Branches:
Dungeon (10/15)            Temple (1/1) D:4            Lair (0/6) D:9
    Orc: D:9-12

Altars:
Ashenzari
Cheibriados
Dithmenos
Elyvilon
Fedhas
Gozag
Hepliaklqana
Kikubaaqudgha
Makhleb
Nemelex Xobeh
Okawaru
Qazlal
Ru
Sif Muna
Trog
Uskayaw
Vehumet
Wu Jian
Xom
Yredelemnul
Zin
The Shining One

Shops:
D:5 (   D:9 [

Annotations:
D:10 Maurice


Innate Abilities, Weirdness & Mutations

You have razor-sharp teeth.
Your natural rate of healing is unusually fast.
When hurt, damage is shared between your health and your magic reserves.
Your bite disrupts and absorbs the magic of your enemies.
Potions cannot restore your health.
You are immune to rotting.


Message History

Maurice flickers and vanishes!
Deactivating autopickup; reactivate with Ctrl-A.
Unknown command.
Okay, then.
Evoke which item? (* to show all) (? for menu, Esc to quit)
Aiming: Paralyse
Press: ? - help, Shift-Dir - straight line, f - you
Okay, then.
You hear a zap.
A bolt of acid appears from out of thin air!
The bolt of acid hits you!
* * * LOW HITPOINT WARNING * * *
You are splashed with acid!
The acid burns!
You die...

####################..........#
................J..'.....>....#
≈#####.#############..........#
#.# #..........# #.#
#..........#
#.#############..........#
#........................#
#O...............######'##
#.J......{.@.....######.#
#................##.....#
#................##.#####
#................##.# ####
#................##.# #...
#................##.# #.##
.................##.# #.#.
##................##.# #.#.
..............##.#####.#.


There were no monsters in sight!

Vanquished Creatures
  Erica (D:9)
  A two-headed ogre (D:10)
  An elephant (D:9)
  The ghost of shugdite the Slasher, a novice MiFi (D:6)
  A hornet (D:8)
  Prince Ribbit (D:9)
  A hippogriff (D:9)
  The ghost of Dindles the Conjurer, an amateur DECj (D:4)
  A wraith (D:10)
  A yak (D:7)
  Grum (D:9)
  3 hogs (D:7)
  A basilisk (D:9)
  A hungry ghost (D:10)
  A human (D:7)
  An acid dragon (D:7)
  An orc warrior (D:7)
  An ice beast (D:5)
  3 phantoms
  2 black bears
  2 sky beasts
  2 ogres
  3 wolves (D:9)
  2 centaurs
  A crocodile (D:9)
  5 bullfrogs
  6 scorpions
  16 killer bees (D:7)
  8 wights
  2 howler monkeys (D:7)
  5 crimson imps
  2 jellies
  A bullfrog zombie (D:9)
  A centaur zombie (D:6)
  8 orc priests
  2 hounds
  A centaur skeleton (D:7)
  3 iguanas
  4 orc wizards
  9 worker ants
  2 hound zombies
  7 gnolls (D:5)
  8 adders
  2 shadow imps
  2 oozes
  An adder zombie (D:6)
  An adder skeleton (D:7)
  3 dart slugs
  8 leopard geckos
  31 orcs
  3 ball pythons
  4 bats
  7 giant cockroaches
  4 goblins (D:2)
  A hobgoblin (D:2)
  4 jackals
  2 quokkas
  4 frilled lizards
  A jackal skeleton (D:4)
  8 kobolds
  A leopard gecko zombie (D:5)
  10 rats
222 creatures vanquished.

Notes
Turn   | Place    | Note
-------+----------+-------------------------------------------
     0 | D:1      | grindst0ne the Vine Stalker Fighter began the quest for the Orb.
     0 | D:1      | Reached XP level 1. HP: 11/11 MP: 2/2
   151 | D:1      | Reached skill level 3 in Fighting
   167 | D:1      | Reached XP level 2. HP: 12/16 MP: 3/3
  1047 | D:2      | Reached XP level 3. HP: 17/20 MP: 2/4
  1233 | D:2      | Reached skill level 4 in Fighting
  1233 | D:2      | Gained mutation: Your natural rate of healing is unusually fast. [Vine Stalker growth]
  1233 | D:2      | Reached XP level 4. HP: 9/25 MP: 3/5
  1658 | D:2      | Reached skill level 1 in Short Blades
  1658 | D:2      | Reached XP level 5. HP: 27/29 MP: 6/6
  2021 | D:3      | Reached XP level 6. HP: 34/34 MP: 7/7
  2226 | D:3      | Found a white marble altar of Elyvilon.
  2456 | D:4      | Found a staircase to the Ecumenical Temple.
  2468 | Temple   | Entered the Ecumenical Temple
  2513 | Temple   | Became a worshipper of Uskayaw the Reveler
  2611 | D:4      | Reached * piety under Uskayaw
  2707 | D:4      | Reached ** piety under Uskayaw
  2710 | D:4      | Reached skill level 5 in Fighting
  2751 | D:4      | Reached XP level 7. HP: 39/39 MP: 8/8
  3150 | D:4      | Noticed Dindles's ghost (amateur DECj)
  3154 | D:4      | Killed Dindles's ghost
  3215 | D:5      | Entered Level 5 of the Dungeon
  3410 | D:5      | Reached skill level 5 in Shields
  3418 | D:5      | Reached *** piety under Uskayaw
  3567 | D:5      | Gained mutation: You have razor-sharp teeth. [Vine Stalker growth]
  3567 | D:5      | Reached XP level 8. HP: 38/44 MP: 7/9
  3660 | D:5      | Found Quemepn's Antique Weapon Shop.
  3716 | D:5      | Reached skill level 6 in Fighting
  3855 | D:5      | Reached **** piety under Uskayaw
  4347 | D:6      | Noticed shugdite's ghost (novice MiFi)
  4358 | D:6      | Killed shugdite's ghost
  4358 | D:6      | Reached skill level 5 in Short Blades
  4498 | D:6      | Reached XP level 9. HP: 49/49 MP: 11/11
  5015 | D:7      | Reached skill level 7 in Fighting
  5034 | D:7      | Reached ***** piety under Uskayaw
  5061 | D:7      | Reached ****** piety under Uskayaw
  5441 | D:7      | Reached XP level 10. HP: 16/56 MP: 3/14
  5556 | D:7      | Reached skill level 5 in Invocations
  5569 | D:7      | Reached skill level 8 in Fighting
  6229 | D:8      | Found an opulent altar of Gozag.
  6449 | D:8      | Paralysed by a hornet for 3 turns
  6507 | D:8      | Found a shattered altar of Ashenzari.
  6921 | D:9      | Noticed Grum
  6934 | D:9      | Killed Grum
  6961 | D:9      | Found a staircase to the Lair.
  6961 | D:9      | Noticed an elephant
  7004 | D:9      | Killed an elephant
  7154 | D:9      | Reached XP level 11. HP: 60/60 MP: 16/16
  7170 | D:9      | Noticed Erica
  7183 | D:9      | Killed Erica
  7255 | D:9      | Found Fecliuc's Antique Armour Shoppe.
  7255 | D:9      | Noticed Prince Ribbit
  7265 | D:9      | Killed Prince Ribbit
  7492 | D:10     | Entered Level 10 of the Dungeon
  7574 | D:10     | Reached skill level 9 in Fighting
  7630 | D:10     | Noticed a two-headed ogre
  7631 | D:10     | Noticed Maurice
  7729 | D:10     | Killed a two-headed ogre
  7808 | D:10     | HP: 3/62 [something/wand of acid (7) (16)]
  7808 | D:10     | Splashed by Maurice's acid

Skill      XL: |  1  2  3  4  5  6  7  8  9 10 11 |
---------------+----------------------------------+-----
Fighting       | 3 4 5 6 7 8 9 |  9.1
Shields        | 3 4 5 6 7 8 |  8.8
Short Blades   | 1 2 3 5 6 7 8 |  8.1
Invocations    | 2 4 6 7 |  7.1
Axes           | |  1.7
Armour         | |  2.4

Action                   |  1- 3 |  4- 6 |  7- 9 | 10-12 || total
-------------------------+-------+-------+-------+-------++-------
Melee: War axe           |    81 |       |       |       ||    81
       Bite              |    15 |    27 |    98 |    82 ||   222
       Short sword       |     1 |    99 |   313 |   202 ||   615
Throw: Throwing net      |       |     1 |       |       ||     1
Evoke: Wand              |       |       |     1 |     4 ||     5
  Use: Scroll            |       |       |    21 |     1 ||    22
       Potion            |       |       |     6 |     1 ||     7
 Stab: Paralysed         |       |       |     8 |    17 ||    25
  Eat: Chunk             |     1 |     5 |     9 |     7 ||    22
Armor: Scale mail        |    45 |    44 |       |       ||    89
       Chain mail        |       |     6 |   120 |    71 ||   197
Dodge: Dodged            |    31 |    33 |    47 |    25 ||   136
Block: Shield            |    61 |    59 |   172 |   113 ||   405
       Reflection        |       |       |       |     4 ||     4
